 Dungeon Crawl Stone Soup version 0.20-a0-882-gc7eb419 (webtiles) character file.

58 AlphabetPasta the Vexing (level 4, 0/33 HPs)
             Began as a Barachi Arcane Marksman on Mar 15, 2017.
             Succumbed to an adder's poison
             ... on level 2 of the Dungeon.
             The game lasted 00:07:03 (1627 turns).

AlphabetPasta the Vexing (Barachi Arcane Marksman)  Turns: 1627, Time: 00:07:04

Health: 0/33       AC:  2    Str: 13    XL:     4   Next: 2%
Magic:  6/6        EV: 18    Int: 13    God:
Gold:   107        SH:  0    Dex: 17    Spells: 3/6 levels left

rFire    . . .     SeeInvis .   b - +0 hand crossbow
rCold    . . .     Gourm    .   e - +0 robe
rNeg     . . .     Faith    .   (no shield)
rPois    .         Spirit   .   k - +0 hat
rElec    .         Reflect  .   (no cloak)
rCorr    .         Harm     .   (no gloves)
MR       .....                  (no boots)
Stlth    +++.......             (no amulet)
Regen    0.2/turn               (no ring)
MPRegen  0.1/turn               (no ring)

@: agile, lethally poisoned (0 -> -14), slow
A: +LOS, swims, slowness 1, strong legs 1
a: Hop


You were on level 2 of the Dungeon.
You were not hungry.

You visited 1 branch of the dungeon, and saw 2 of its levels.

You collected 107 gold pieces.

Inventory:

Hand Weapons
 a - a +0 flail
 b - a +0 hand crossbow (weapon)
 g - a +0 club
 s - a +0 mace
Missiles
 d - 6 bolts (quivered)
Armour
 e - a +0 robe (worn)
 k - a +0 hat (worn)
Scrolls
 h - a scroll of enchant weapon {unknown}
 i - 2 scrolls of identify {unknown}
 j - a scroll of remove curse {unknown}
 m - a scroll of amnesia {unknown}
 o - a scroll of teleportation {unknown}
 p - a scroll of blinking {unknown}
 r - a scroll of magic mapping {unknown}
Potions
 q - a potion of lignification {unknown}
Books
 c - a book of Debilitation

   Spells                             Type                      Level
   a - Corona                         Hexes                        1
   b - Slow                           Hexes                        2
   c - Inner Flame                    Hexes/Fire                   3
   d - Portal Projectile              Hexes/Translocation          3
   e - Cause Fear                     Hexes                        4
   f - Leda's Liquefaction            Hexes/Earth                  4
Comestibles
 f - 2 bread rations


   Skills:
 + Level 2.0 Fighting
 * Level 2.6 Crossbows
 + Level 1.4 Armour
 + Level 2.5 Dodging
 + Level 1.8 Spellcasting
 + Level 3.5 Hexes


You had 3 spell levels left.
You knew the following spells:

 Your Spells              Type           Power        Failure   Level  Hunger
a - Corona                Hex            ##.....      8%          1    ##.....
b - Slow                  Hex            ##......     10%         2    ###....


Dungeon Overview and Level Annotations

Branches:
Dungeon (2/15)

Altars:


Innate Abilities, Weirdness & Mutations

Shadows flee at your approach. (+LOS)
You can swim through water.
You cover ground slowly.
You can hop short distances.


Message History

Press: ? - help, Shift-Dir - straight line, f/p - adder
Aim: an adder (almost dead)
You shoot a bolt. The bolt closely misses the adder.
You feel sick. The bat closely misses you. The bat barely misses you.
The adder closely misses you. The adder bites you.
* * * LOW HITPOINT WARNING * * *
You are more poisoned.
The adder poisons you!
Firing (i - inventory):
d - 7 bolts (quivered)
Press: ? - help, Shift-Dir - straight line, f/p - adder
Aim: an adder (almost dead)
You shoot a bolt. The bolt closely misses the adder.
* * * LOW HITPOINT WARNING * * *
You feel sick. The bat completely misses you. The adder bites you.
* * * LOW HITPOINT WARNING * * *
The bat closely misses you. The adder bites you.
* * * LOW HITPOINT WARNING * * *
It was a potion of agility.
You feel agile all of a sudden.
You die...

.......#................#
#.#
#.#..#..........#######+#
##.
..#.#...........#........
.
..#...#.#.......#........
................#......♣
........#####.#.#.....
...###.......).##...♣
..## #.........##b..♣ ..#
##.........@...♣ ..#
#.........#S..♣ ..#
#........##..b♣ ###
#........##......
#........##..$...♣
#........##........
#........##.....(...
#.........#######+##
#########...


You could see an adder and 2 bats.

Vanquished Creatures
  2 adders (D:2)
  An ooze (D:1)
  A leopard gecko (D:2)
  A giant cockroach (D:1)
  7 goblins
  2 hobgoblins
  4 jackals (D:2)
  4 kobolds
  5 bats (D:2)
  A frilled lizard (D:1)
  3 rats
31 creatures vanquished.

Notes
Turn   | Place    | Note
-------+----------+-------------------------------------------
     0 | D:1      | AlphabetPasta the Barachi Arcane Marksman began the quest for the Orb.
     0 | D:1      | Reached XP level 1. HP: 15/15 MP: 2/2
   155 | D:1      | Reached XP level 2. HP: 15/21 MP: 3/3
   242 | D:1      | Learned a level 2 spell: Slow
   535 | D:2      | Reached skill level 1 in Armour
   535 | D:2      | Reached XP level 3. HP: 27/27 MP: 5/5
   586 | D:2      | HP: 1/27 [poisoned by an adder]
  1388 | D:2      | Reached XP level 4. HP: 18/33 MP: 6/6
  1626 | D:2      | HP: 1/33 [adder (1)]
  1627 | D:2      | Succumbed to an adder's poison

Vault maps used:
D:1:      lemuel_arrival_room, minmay_unequal
D:2:      first_bread, kennysheep_generic_room_16

Skill      XL: |  1  2  3 |
---------------+----------+-----
Armour         | 1 |  1.4
Fighting       | 2 |  2.0
Crossbows      | |  2.6
Dodging        | |  2.5
Spellcasting   | |  1.8
Hexes          | |  3.5

Action                   |  1- 3 |  4- 6 || total
-------------------------+-------+-------++-------
Melee: Club              |    23 |       ||    23
       Mace              |    65 |       ||    65
       Flail             |       |     8 ||     8
 Fire: Hand crossbow     |    19 |    10 ||    29
 Cast: Slow              |     1 |       ||     1
       Corona            |     1 |       ||     1
  Use: Potion            |       |     1 ||     1
  Eat: Chunk             |     2 |     1 ||     3
Armor: Robe              |    31 |     8 ||    39
Dodge: Dodged            |    93 |    22 ||   115
